 Dungeon Crawl Stone Soup version 0.19.0-19-g8c6edcc (webtiles) character file.

64480 HungrySpirit the Severer (level 14, -4/111 HPs)
             Began as a Mummy Gladiator on Nov 13, 2016.
             Was an Initiate of Gozag.
             Slain by Snorg (9 damage)
             ... on level 6 of the Lair of Beasts.
             The game lasted 00:53:10 (31323 turns).

HungrySpirit the Severer (Mummy Gladiator)         Turns: 31323, Time: 00:53:11

Health: -4/111     AC: 23    Str: 23    XL:     14   Next: 71%
Magic:  14/14      EV: 10    Int:  8    God:    Gozag
Gold:   80         SH:  6    Dex: 17    Spells: 0 memorised, 13 levels left

rFire  + . .     SeeInvis .     v - +1 broad axe (venom)
rCold  + + .     Gourm    .     G - +2 gold dragon scales
rNeg   + + +     Faith    .     n - +0 buckler
rPois  ∞         Spirit   .     c - +0 helmet
rElec  .         Reflect  .     x - +1 cloak
rCorr  .         Harm     .     g - +0 pair of gloves
MR     +....                    (no boots)
Stlth  ..........               (no amulet)
                                y - ring of fire
                                k - ring of protection from cold

@: agile, flying, very slightly contaminated, hasted, invisible, very quick
A: no food or potions, fire vulnerability, cold resistance 1, negative energy
resistance 3, torment resistance, unbreathing, in touch with death 1
a: Potion Petition, Call Merchant, Bribe Branch, Renounce Religion


You were on level 6 of the Lair of Beasts.
You worshipped Gozag.
Gozag was noncommittal.
You were not hungry.

You visited 4 branches of the dungeon, and saw 21 of its levels.

You collected 6166 gold pieces.
You spent 1243 gold pieces at shops.
You paid 4843 gold pieces to Gozag.

Inventory:

Hand Weapons
 v - a +1 broad axe of venom (weapon)
 E - a +1 war axe of flaming
Missiles
 d - 4 throwing nets (quivered)
Armour
 c - a +0 helmet (worn)
 g - a +0 pair of gloves (worn)
 n - a +0 buckler (worn)
 x - a +1 cloak (worn)
 G - +2 gold dragon scales (worn)
Jewellery
 b - an uncursed ring of protection from cold
 k - a ring of protection from cold (left hand)
 y - a ring of fire (right hand)
 B - a +3 ring of evasion
Wands
 h - a wand of disintegration (11/24)
 m - a wand of confusion (5/48)
 p - a wand of lightning (2/15)
 D - a wand of flame (6/48)
Scrolls
 e - 6 scrolls of teleportation
 f - 2 scrolls of identify
 j - a scroll of blinking
 l - 4 scrolls of noise
 o - a scroll of magic mapping
 q - 3 scrolls of fog
 r - 2 scrolls of torment
 u - 2 scrolls of amnesia
 w - 3 scrolls of remove curse
 z - 4 scrolls of fear


   Skills:
 + Level 10.8 Fighting
 * Level 16.4 Axes
 - Level 1.5 Throwing
 + Level 8.6 Armour
 - Level 2.4 Dodging
 - Level 7.1 Shields


You had 13 spell levels left.
You didn't know any spells.

Dungeon Overview and Level Annotations

Branches:
Dungeon (12/15)            Temple (1/1) D:6            Lair (6/6) D:11
  Swamp (0/4) Lair:4       Spider (0/4) Lair:4        Slime (0/5) Lair:5
    Orc (2/2) D:10            Elf (0/3) Orc:2

Altars:
Ashenzari
Cheibriados
Dithmenos
Elyvilon
Fedhas
Gozag
Hepliaklqana
Kikubaaqudgha
Makhleb
Nemelex Xobeh
Okawaru
Qazlal
Ru
Sif Muna
Trog
Uskayaw
Vehumet
Xom
Yredelemnul
Zin
The Shining One

Shops:
D:4 [   D:7 *   D:9 =   D:10 [   D:11 *(   Orc:2 ::**=   Lair:4 ((

Annotations:
D:5 Monkfish's ghost, novice KoBe
Lair:6 Snorg


Innate Abilities, Weirdness & Mutations

You do not eat or drink.
Your flesh is vulnerable to fire.
You are immune to poison.
Your flesh is cold resistant. (rC+)
You are immune to negative energy. (rN+++)
You are immune to unholy pain and torment.
You can survive without breathing.
You are in touch with the powers of death.


Message History

You no longer have enough gold to petition Gozag for potion effects.
You feel yourself speed up.
You feel much better.
You feel very buoyant.
You fly up into the air.
You feel agile all of a sudden.
You fade into invisibility!
Snorg bites you!
* * * LOW HITPOINT WARNING * * *
Snorg barely misses you. You block Snorg's attack.
You are very lightly contaminated with residual magic.
Unknown command.
Unknown command.
You catch the helpless Snorg completely off-guard!
You slash Snorg!
Snorg is almost dead.
You hit the fungus but do no damage.
The fungus looks as sick as possible!
Snorg bites you!
* * * LOW HITPOINT WARNING * * *
Snorg claws you but does no damage. Snorg claws you!
You die...
Your body crumbles into a pile of gold.

.♣ ♣...........<..P#
.♣ ♣.....#.P..#....##
.♣♣♣....##.#........#
.♣♣.....# ##......###
.♣ ♣....###..P.....#
.♣ ♣.........PP...##
.♣♣♣.........P#...##
.♣♣............#...#
.♣♣♣....#.#....#@.P##
.♣ ♣....#.###.##TP.P#
.♣ ♣....#.P#####..###
♣♣♣♣......##.......#
♣♣.......§........#
♣♣.................#
...................#
.##......#.....#...#
#........#..###....#


You could see Snorg (berserk).

Vanquished Creatures
  An orc warlord (D:10)
  Erolcha (Orc:2)
  4 hydras
  A catoblepas (Lair:5)
  An anaconda (Lair:3)
  Erica (Orc:1)
  15 death yaks
  4 orc high priests
  Nergalle (Orc:2)
  3 unseen horrors
  4 hill giants
  4 orc knights
  4 orc sorcerers
  A deep elf mage (Orc:2)
  A manticore (D:11)
  8 elephants
  A torpor snail (Lair:3)
  5 black mambas
  12 spiny frogs
  2 rime drakes
  7 komodo dragons
  2 trolls
  A jumping spider (Lair:4)
  2 polar bears
  2 two-headed ogres
  A hornet (Lair:6)
  2 slime creatures (Lair:5)
  3 blink frogs (Lair:3)
  14 hippogriffs
  4 redbacks
  5 spriggans
  4 hogs
  2 wyverns
  2 basilisks
  3 humans
  23 yaks
  2 hungry ghosts
  Grum (D:10)
  A warg (D:10)
  2 soldier ants (D:11)
  2 hell hounds (D:11)
  13 porcupines
  12 water moccasins
  31 orc warriors
  2 black bears
  3 ice beasts
  2 necrophages
  13 ogres
  28 wolves
  An eye of draining (D:11)
  5 phantoms
  7 centaurs
  8 crocodiles
  Blork the orc (D:5)
  A big kobold (D:11)
  23 bullfrogs
  A wyvern zombie (D:11)
  5 scorpions
  5 killer bees (D:11)
  8 wights
  2 electric eels
  2 bullfrog zombies (D:10)
  3 crimson imps
  2 hounds (D:8)
  9 jellies
  4 centaur skeletons
  17 orc priests
  A gnoll shaman (D:3)
  3 iguanas
  28 orc wizards
  2 bullfrog skeletons
  Ijyb (D:2)
  12 worker ants
  A hound zombie (D:7)
  3 hound skeletons
  2 worker ant zombies
  9 gnolls
  7 adders
  3 shadow imps
  2 oozes
  An adder skeleton (D:4)
  4 worms
  A dart slug (D:2)
  12 leopard geckos
  84 orcs
  6 giant cockroaches
  4 goblins (D:1)
  8 hobgoblins
  7 jackals
  4 quokkas
  9 bats
  6 frilled lizards
  A giant cockroach zombie (D:5)
  A jackal skeleton (D:8)
  A jackal zombie (D:6)
  9 kobolds
  A leopard gecko skeleton (D:5)
  A leopard gecko zombie (D:6)
  A quokka skeleton (D:4)
  8 rats
  4 fungi
  4 plants
618 creatures vanquished.

Vanquished Creatures (others)
  An orc wizard (D:9)
  18 fungi
  9 plants
28 creatures vanquished.

Grand Total: 646 creatures vanquished

Notes
Turn   | Place    | Note
-------+----------+-------------------------------------------
     0 | D:1      | HungrySpirit the Mummy Gladiator began the quest for the Orb.
     0 | D:1      | Reached XP level 1. HP: 16/16 MP: 1/1
    42 | D:1      | Reached XP level 2. HP: 11/22 MP: 2/2
    49 | D:1      | HP: 1/22 [goblin/dagger (2)]
   177 | D:1      | Reached skill level 3 in Axes
   764 | D:1      | Reached XP level 3. HP: 18/28 MP: 3/3
  1298 | D:2      | Noticed Ijyb
  1309 | D:2      | Killed Ijyb
  1309 | D:2      | Reached XP level 4. HP: 20/34 MP: 4/4
  1708 | D:3      | Found a bloodstained altar of Trog.
  1752 | D:3      | Reached skill level 4 in Axes
  1841 | D:3      | Found a sparkling altar of Nemelex Xobeh.
  2466 | D:4      | Found Mavuat's Antique Armour Emporium.
  2470 | D:4      | Bought a buckler for 99 gold pieces
  2552 | D:4      | Reached XP level 5. HP: 39/41 MP: 5/5
  2731 | D:4      | Reached skill level 1 in Shields
  2732 | D:4      | Reached XP level 6. HP: 20/47 MP: 6/6
  2738 | D:4      | Reached skill level 5 in Axes
  3546 | D:5      | Entered Level 5 of the Dungeon
  3583 | D:5      | Noticed an ice beast
  3597 | D:5      | Killed an ice beast
  3597 | D:5      | Reached XP level 7. HP: 54/54 MP: 7/7
  3599 | D:5      | Noticed Blork the orc
  3613 | D:5      | Killed Blork the orc
  3996 | D:5      | Reached skill level 6 in Axes
  4008 | D:5      | Noticed Monkfish's ghost (novice KoBe)
  4272 | D:5      | Found a sparkling altar of Nemelex Xobeh.
  4506 | D:5      | Reached skill level 5 in Fighting
  4506 | D:5      | Reached XP level 8. HP: 55/62 MP: 8/8
  4547 | D:5      | Found a shadowy altar of Dithmenos.
  4554 | D:5      | Found a blossoming altar of Fedhas.
  5158 | D:6      | Found a staircase to the Ecumenical Temple.
  5171 | Temple   | Entered the Ecumenical Temple
  5206 | Temple   | Became a worshipper of Gozag Ym Sagoz the Greedy
  5601 | D:6      | Reached skill level 7 in Axes
  5980 | D:7      | Reached XP level 9. HP: 37/69 MP: 9/9
  6400 | D:7      | Found Qaopamab's Assorted Antiques.
  6403 | D:7      | Bought a scroll labeled VOSUTU LUIZ for 26 gold pieces
  6403 | D:7      | Bought a scroll labeled POXOSA VEURUA for 26 gold pieces
  6403 | D:7      | Bought a scroll labeled POXOSA VEURUA for 26 gold pieces
  6454 | D:7      | Reached skill level 8 in Axes
  6955 | D:8      | Reached skill level 5 in Shields
  7029 | D:8      | Killed an unseen horror
  7029 | D:8      | Reached skill level 9 in Axes
  7035 | D:8      | Reached XP level 10. HP: 35/79 MP: 10/10
  9012 | D:10     | Entered Level 10 of the Dungeon
  9120 | D:10     | Reached skill level 10 in Axes
  9125 | D:10     | Noticed a hill giant
  9149 | D:10     | Killed a hill giant
  9428 | D:10     | Noticed a hill giant
  9484 | D:10     | Killed a hill giant
  9960 | D:10     | Noticed Grum
 10113 | D:10     | Killed Grum
 10295 | D:10     | Found a staircase to the Orcish Mines.
 10591 | D:10     | Reached XP level 11. HP: 27/87 MP: 11/11
 11031 | D:11     | Noticed a hill giant
 11054 | D:11     | Killed a hill giant
 11055 | D:11     | Reached skill level 11 in Axes
 11328 | D:11     | Found Hasuvuic's Antique Weapon Boutique.
 11348 | D:11     | Killed an unseen horror
 11450 | D:11     | Found an iron altar of Okawaru.
 11876 | D:11     | Found a staircase to the Lair.
 12367 | D:11     | Found Gugetov's Goods Gallery.
 12486 | D:11     | Bought +0 gold dragon scales for 880 gold pieces
 12807 | D:11     | Reached skill level 12 in Axes
 12807 | D:11     | Reached skill level 1 in Armour
 13256 | D:12     | Killed an unseen horror
 13419 | D:12     | Noticed a hill giant
 13431 | D:12     | Killed a hill giant
 13573 | D:12     | Noticed a deep elf mage
 13573 | D:12     | Noticed a hill giant
 13629 | Lair:1   | Entered Level 1 of the Lair of Beasts
 13671 | Lair:1   | Noticed a six-headed hydra
 13722 | Lair:1   | Killed a 12-headed hydra
 13722 | Lair:1   | Reached XP level 12. HP: 62/95 MP: 12/12
 15391 | Lair:1   | Reached skill level 13 in Axes
 16629 | Lair:2   | Noticed a death yak
 16639 | Lair:2   | Noticed a death yak
 16642 | Lair:2   | Noticed a death yak
 16642 | Lair:2   | Noticed a death yak
 16657 | Lair:2   | Killed a death yak
 16662 | Lair:2   | Killed a death yak
 16671 | Lair:2   | Killed a death yak
 16681 | Lair:2   | Killed a death yak
 16894 | Lair:2   | Reached skill level 5 in Armour
 17579 | Lair:3   | Reached skill level 14 in Axes
 17882 | Lair:3   | Noticed an anaconda
 17897 | Lair:3   | Killed an anaconda
 17911 | Lair:3   | Gained mutation: You are in touch with the powers of death. [Mummy growth]
 17911 | Lair:3   | Reached XP level 13. HP: 27/101 MP: 13/13
 18769 | Lair:4   | Found a sacrificial altar of Ru.
 19090 | Lair:4   | Found a staircase to the Swamp.
 19618 | Lair:4   | Found a hole to the Spider Nest.
 21239 | Lair:4   | Bought a +1 war axe of flaming for 186 gold pieces
 21352 | Lair:5   | Reached skill level 15 in Axes
 21885 | Lair:5   | Found a staircase to the Slime Pits.
 24290 | Lair:6   | Entered Level 6 of the Lair of Beasts
 24298 | Lair:6   | Reached XP level 14. HP: 102/109 MP: 14/14
 24448 | Lair:6   | Noticed Snorg
 24649 | Orc:1    | Entered Level 1 of the Orcish Mines
 25331 | Orc:2    | Entered Level 2 of the Orcish Mines
 25331 | Orc:2    | Found Yczem's Book Shoppe.
 25478 | Orc:1    | Reached skill level 10 in Fighting
 25762 | Orc:2    | Found a staircase to the Elven Halls.
 25767 | Orc:1    | Noticed Nergalle
 25783 | Orc:2    | Killed Nergalle
 26214 | Orc:2    | Noticed an orc warlord
 26843 | D:10     | Killed an orc warlord
 27630 | Orc:1    | Noticed Erolcha
 27651 | Orc:2    | Killed Erolcha
 27979 | Orc:1    | Noticed Erica
 27996 | Orc:1    | Killed Erica
 28598 | Orc:1    | Reached skill level 16 in Axes
 30305 | Orc:2    | Found Kojeoff's General Store.
 30309 | Orc:2    | Found Ufeasud's Jewellery Boutique.
 30315 | Orc:2    | Found Bajuc's General Store.
 30317 | Orc:2    | Found Cejim's Book Emporium.
 31323 | Lair:6   | HP: 5/111 [Snorg (11)]
 31323 | Lair:6   | Slain by Snorg

Skill      XL: |  1  2  3  4  5  6  7  8  9 10 11 12 13 14 |
---------------+-------------------------------------------+-----
Axes           | 3 4 5 6 7 9 10 12 14 15 16 | 16.4
Fighting       | 3 4 5 6 7 8 9 10 | 10.8
Shields        | 1 2 3 4 5 6 7 |  7.1
Armour         | 2 5 7 8 |  8.6
Throwing       | |  1.5
Dodging        | |  2.4

Action                   |  1- 3 |  4- 6 |  7- 9 | 10-12 | 13-15 || total
-------------------------+-------+-------+-------+-------+-------++-------
Melee: War axe           |   118 |       |     9 |       |   184 ||   311
       Hand axe          |       |   164 |   377 |   985 |       ||  1526
       Broad axe         |       |       |       |   238 |   803 ||  1041
Throw: Throwing net      |     3 |       |       |       |       ||     3
Invok: Call Merchant     |       |       |       |     1 |     3 ||     4
       Potion Petition   |       |       |       |     1 |     3 ||     4
Evoke: Wand              |       |       |     7 |    35 |       ||    42
  Use: Scroll            |       |     6 |     4 |    13 |     5 ||    28
 Stab: Distracted        |       |       |     2 |     1 |     4 ||     7
       Paralysed         |       |       |     3 |    12 |       ||    15
       Confused          |       |       |       |     5 |       ||     5
       Invisible         |       |       |       |       |     1 ||     1
Armor: Leather armour    |    30 |       |       |       |       ||    30
       Plate armour      |    37 |   129 |   251 |   266 |       ||   683
       Gold dragon scale |       |       |       |   311 |   643 ||   954
Dodge: Dodged            |    89 |    39 |   110 |   204 |   177 ||   619
Block: Buckler           |       |    25 |    89 |   241 |   210 ||   565
